 Dungeon Crawl Stone Soup version 0.27.0-1-g7a089689b8 (webtiles) character file.

Game seed: 4522799123979275742

11092 dtburroughs the Fighter (level 11, -15/72 HPs)
             Began as a Gargoyle Berserker on July 31, 2021.
             Was an Elder of Trog.
             Demolished by a boulder beetle (18 damage)
             ... on level 2 of the Lair of Beasts.
             The game lasted 00:27:00 (14070 turns).

dtburroughs the Fighter (Gargoyle Berserker)       Turns: 14070, Time: 00:27:01

Health: -15/72     AC: 29    Str: 23    XL:     11   Next: 72%
Magic:  11/11      EV:  8    Int:  8    God:    Trog [****..]
Gold:   701        SH: 11    Dex: 16    Spells: 10/10 levels left

rFire    . . .     SeeInvis .   D - +5 flail (freeze)
rCold    . . .     Faith    .   i - +0 kite shield
rNeg     + . .     Spirit   .   K - +0 plate armour
rPois    ∞         Reflect  .   j - +2 hat
rElec    +         Harm     .   h - +0 cloak
rCorr    .         Rampage  .   b - +2 pair of gloves
Will     .....                  S - +0 pair of boots
Stlth    ..........             (no amulet)
HPRegen  0.22/turn              q - ring of flight
MPRegen  0.12/turn              x - +6 ring of dexterity

@: on berserk cooldown, flying, slowed, studying Stealth, very slow
A: sickness immunity, AC +8, negative energy resistance 1, electricity
resistance, torment resistance 1, petrification resistance
a: Renounce Religion, Berserk, Trog's Hand, Brothers in Arms


You were on level 2 of the Lair of Beasts.
You worshipped Trog.
Trog was greatly pleased with you.
You visited 2 branches of the dungeon, and saw 13 of its levels.

You collected 701 gold pieces.

Inventory:

Hand Weapons
 D - a +5 flail of freezing (weapon)
Missiles
 T - a throwing net (quivered)
Armour
 b - a +2 pair of gloves (worn)
 h - a +0 cloak (worn)
 i - a +0 kite shield (worn)
 j - a +2 hat (worn)
 K - a +0 plate armour (worn)
 S - a +0 pair of boots (worn)
Jewellery
 q - a ring of flight (left hand)
 x - a +6 ring of dexterity (right hand)
 y - a ring of positive energy
 L - a ring of resist corrosion
Wands
 u - a wand of flame (22)
 w - a wand of paralysis (6)
 A - a wand of charming (5)
 C - a wand of iceblast (16)
 Q - a wand of acid (5)
Scrolls
 c - 3 scrolls of immolation
 m - a scroll of silence
 r - 3 scrolls of enchant armour
 t - 3 scrolls of teleportation
 B - a scroll of fear {unknown}
 G - 2 scrolls of enchant weapon
 H - a scroll of vulnerability {unknown}
 N - 2 scrolls of blinking {unknown}
 O - a scroll of magic mapping {unknown}
Potions
 d - a potion of might
 k - 11 potions of curing
 p - 2 potions of ambrosia
 z - 2 potions of heal wounds {unknown}
 E - a potion of haste {unknown}
 F - a potion of degeneration {unknown}
 I - a potion of lignification {unknown}
 M - a potion of brilliance {unknown}
 R - a potion of mutation {unknown}


   Skills:
 * Level 9.9 Fighting
 + Level 5.4(7.6) Axes
 * Level 9.1(9.8) Maces & Flails
 + Level 7.0 Armour
 * Level 7.3 Dodging
 + Level 6.3 Shields
 + Level 2.6 Evocations


You had 10 spell levels left.
You didn't know any spells.
Your spell library was empty.

Dungeon Overview and Level Annotations

Branches:
Dungeon (11/15)            Temple (0/1) D:4            Lair (2/6) D:9
  Swamp: Lair:2-4    Shoals: Lair:2-4     Snake: Lair:2-4    Spider: Lair:2-4
    Orc: D:9-12

Altars:
Ashenzari
Cheibriados
Dithmenos
Elyvilon
Hepliaklqana
Makhleb
Okawaru
Ru
Wu Jian
The Shining One

Shops:
D:1 *   D:3 [   D:10 :

Portals:
Trove: D:11 (give +7 demon whip)

Annotations:
D:10 2 transporters


Innate Abilities, Weirdness & Mutations

You are immune to sickness and miasma.
Your stone body is resilient. (AC +8)
You are immune to poison.
You resist negative energy. (rN+)
You are resistant to electric shocks. (rElec)
You are resistant to unholy torment.
You are immune to petrification.


Message History

You feel yourself moving faster!
You feel mighty!
The boulder beetle bites you but does no damage.
You hit the boulder beetle but do no damage.
The boulder beetle is lightly wounded.
The boulder beetle bites you but does no damage.
You hit the boulder beetle but do no damage.
The boulder beetle is lightly wounded.
You sock the boulder beetle! You freeze the boulder beetle.
The boulder beetle is moderately wounded.
The boulder beetle barely misses you.
You barely miss the boulder beetle.
The boulder beetle is moderately wounded.
The boulder beetle bites you but does no damage.
You sock the boulder beetle! You freeze the boulder beetle.
The boulder beetle is heavily wounded.
You sock the boulder beetle! You freeze the boulder beetle.
The boulder beetle is severely wounded.
The boulder beetle bites you!
You hit the boulder beetle. You freeze the boulder beetle.
The boulder beetle is severely wounded.
The boulder beetle leaps!
You feel a strong urge to attack something.
You feel your anger nearly subside.
You are no longer berserk.
You are exhausted.
You feel yourself slow down. The boulder beetle bites you.
The boulder beetle bites you but does no damage.
You completely miss the boulder beetle.
The boulder beetle is severely wounded.
The boulder beetle bites you.
You hit the boulder beetle but do no damage.
The boulder beetle is severely wounded.
The boulder beetle bites you!
* * * LOW HITPOINT WARNING * * *
The boulder beetle bites you!
* * * LOW HITPOINT WARNING * * *
You hit the boulder beetle but do no damage.
The boulder beetle is severely wounded.
You block the boulder beetle's attack. The boulder beetle bites you!!
You die...

.......##.........
..................#.......
.........................#
........................#
..>....................##
......#................P#
....................#.##
....................###
#......B@.....###
#..##...P#...##
##..#....###..# #..P#...##
#### ##..##..# #..##..#
##.#.#..## #..##....##
##..##..#.#


You could see a boulder beetle.

Vanquished Creatures
  Erolcha (D:10)
  2 two-headed ogres
  An ugly thing (D:10)
  A cane toad (Lair:1)
  Psyche (D:11)
  Grinder (D:6)
  A spriggan (D:7)
  A steam dragon (D:7)
  Grum (D:11)
  A basilisk (Lair:1)
  14 yaks
  5 water moccasins
  3 acid dragons
  3 black bears
  2 orc warriors
  A sky beast (D:5)
  An ice beast (D:5)
  An ogre (D:7)
  2 centaurs
  4 wolves (D:11)
  A phantom (D:7)
  4 bullfrogs
  4 scorpions
  A gnoll sergeant (D:11)
  2 water moccasin skeletons
  A wyvern skeleton (D:5)
  5 wights (D:7)
  5 killer bees (D:10)
  7 centaur zombies
  3 hounds
  A jelly (D:7)
  A gnoll shaman (D:9)
  An orc priest (D:8)
  15 orc wizards
  4 iguanas
  A killer bee zombie (D:6)
  A hound skeleton (D:5)
  7 adders
  9 gnolls
  2 white imps
  An ufetubus (D:5)
  5 worms
  2 dart slugs
  30 orcs
  5 bats
  13 endoplasms
  2 giant cockroaches (D:1)
  5 goblins
  A hobgoblin (D:3)
  9 jackals
  5 kobolds
  4 quokkas
  5 ball pythons
  2 frilled lizards
  3 rats
214 creatures vanquished.

Vanquished Creatures (others)
  3 fungi (Lair:1)
  3 plants (Lair:1)
6 creatures vanquished.

Grand Total: 220 creatures vanquished

Notes
Turn   | Place    | Note
-------+----------+-------------------------------------------
     0 | D:1      | dtburroughs the Gargoyle Berserker began the quest for the
                  | Orb.
     0 | D:1      | Reached XP level 1. HP: 14/14 MP: 1/1
   187 | D:1      | Reached XP level 2. HP: 17/19 MP: 2/2
   285 | D:1      | Found Biotacs's Assorted Antiques.
   418 | D:1      | You fall into a shaft and drop 1 floor!
   953 | D:2      | Reached XP level 3. HP: 18/24 MP: 3/3
  1120 | D:2      | Reached ** piety under Trog
  1575 | D:3      | Noticed a scorpion
  1595 | D:3      | Killed a scorpion
  1596 | D:3      | Reached skill level 1 in Axes
  1596 | D:3      | Reached XP level 4. HP: 29/29 MP: 4/4
  1726 | D:1      | Reached XP level 5. HP: 29/33 MP: 5/5
  1784 | D:1      | Reached skill level 1 in Shields
  1998 | D:1      | Found a faded altar of an unknown god.
  1998 | D:1      | Noticed a rust devil
  2139 | D:3      | Found Onoehubran's Antique Armour Boutique.
  2613 | D:4      | Reached XP level 6. HP: 29/39 MP: 6/6
  3587 | D:4      | Found a staircase to the Ecumenical Temple.
  3724 | D:5      | Entered Level 5 of the Dungeon
  4128 | D:5      | Reached XP level 7. HP: 44/44 MP: 7/7
  4218 | D:5      | Reached *** piety under Trog
  4403 | D:5      | Reached skill level 5 in Fighting
  5122 | D:6      | Reached skill level 5 in Maces & Flails
  5122 | D:6      | Reached XP level 8. HP: 48/50 MP: 8/8
  5378 | D:6      | Noticed Grinder
  5417 | D:6      | Killed Grinder
  6116 | D:6      | Found a snail-covered altar of Cheibriados.
  6765 | D:7      | Reached XP level 9. HP: 47/56 MP: 9/9
  7337 | D:7      | Paralysed by a spriggan for 6 turns
  7348 | D:7      | Paralysed by a spriggan for 7 turns
  7367 | D:7      | Reached skill level 5 in Armour
  7376 | D:7      | Found a hazy altar of Hepliaklqana.
  7378 | D:7      | Found a faded altar of an unknown god.
  7797 | D:8      | Reached skill level 5 in Dodging
  8226 | D:8      | Noticed a two-headed ogre
  8245 | D:8      | Killed a two-headed ogre
  8658 | D:9      | Found a sacrificial altar of Ru.
  8699 | D:9      | Reached XP level 10. HP: 64/64 MP: 10/10
  8909 | D:9      | Reached skill level 5 in Shields
  9051 | D:9      | Found an iron altar of Okawaru.
  9074 | D:9      | Reached **** piety under Trog
  9170 | D:9      | Found a staircase to the Lair.
  9247 | D:9      | Found a burning altar of Makhleb.
  9257 | D:9      | Found an ornate altar of the Wu Jian Council.
  9412 | D:9      | Found a white marble altar of Elyvilon.
  9446 | D:9      | Found a broken altar of Ashenzari.
  9632 | D:9      | Found a glowing golden altar of the Shining One.
  9682 | D:10     | Entered Level 10 of the Dungeon
  9682 | D:10     | Noticed Erolcha
  9741 | D:10     | Killed Erolcha
  9759 | D:10     | Reached skill level 1 in Evocations
  9834 | D:10     | Noticed a flayed ghost
  9844 | D:10     | Found a shadowy altar of Dithmenos.
  9862 | D:10     | Noticed a two-headed ogre
  9875 | D:10     | Killed a two-headed ogre
  9876 | D:10     | Reached XP level 11. HP: 45/71 MP: 11/11
  9877 | D:10     | Found Dusky's Book Shoppe.
 10225 | D:10     | Noticed a white ugly thing
 10255 | D:10     | Reached skill level 5 in Axes
 10297 | D:10     | Noticed a boulder beetle
 10304 | D:10     | Found a transporter.
 10341 | D:10     | Killed a white ugly thing
 10657 | D:10     | Found a transporter.
 10758 | D:11     | Found a portal to a secret trove of treasure.
 11841 | D:11     | Noticed Psyche
 11860 | D:11     | Killed Psyche
 12126 | D:11     | Noticed Grum
 12138 | D:11     | Killed Grum
 12877 | D:11     | Noticed a boulder beetle
 12952 | Lair:1   | Entered Level 1 of the Lair of Beasts
 14037 | Lair:2   | Noticed a boulder beetle
 14069 | Lair:2   | HP: 3/72 [boulder beetle (13)]
 14070 | Lair:2   | Demolished by a boulder beetle

Illustrated notes

Levels and vault maps discovered:
D:1:      mushboom_english_gardens, layout_loops_ring,
          dreamdust_ecumenical_altar_sealed_demon, serial_shops,
          nicolae_square_shop
D:2:      layout_loops_ring
D:3:      layout_rooms, serial_shops, shop
D:4:      layout_rooms, temple_hall, minmay_checkerbox
D:5:      layout_cave_pods, grunt_ministairs_7, st_stairs_8
D:6:      layout_cave_pools, cheibrodos_worm_habitat, minmay_misc_feat_cross,
          uniq_grinder
D:7:      layout_loops_ring, beargit_hepliaklqana_dungeon_heroes
D:8:      layout_loops_ring
D:9:      layout_loops_ring, lemuel_crystal_altar,
          mainiacjoe_overflow_big_doors, nicolae_ru_awakened_eye,
          mainiacjoe_overflow_concentric_impassable, grunt_temple_overflow_open,
          lair_entry_dummy
D:10:     layout_rooms, gammafunk_temple_overflow_arena, serial_shops,
          nicolae_shop_trees, hangedman_decor_push, uniq_erolcha
D:11:     layout_grid_maze, enter_trove_1, kennysheep_generic_room_4, uniq_grum,
          uniq_psyche
Lair:1:   layout_cave_pods, grunt_megastairs_2
Lair:2:   layout_hall_layers, infiniplex_staircase_pool_2, lemuel_fruit_fields

Skill      XL: |  1  2  3  4  5  6  7  8  9 10 11 |
---------------+----------------------------------+-----
Dodging        | 2 3 4 5 6 7 |  7.3
Fighting       | 4 5 6 7 9 |  9.9
Axes           | 1 2 3 4 5 |  5.4
Shields        | 1 2 3 4 5 6 |  6.3
Armour         | 3 4 5 6 7 |  7.0
Maces & Flails | 4 5 6 7 8 9 |  9.1
Evocations     | 1 2 |  2.6

Action                   |  1- 3 |  4- 6 |  7- 9 | 10-12 || total
-------------------------+-------+-------+-------+-------++-------
Melee: Mace              |   109 |   213 |   317 |       ||   639
       Flail             |       |       |    62 |   287 ||   349
Invok: Berserk           |     1 |     2 |     3 |     6 ||    12
       Trog's Hand       |     1 |       |     5 |     3 ||     9
       Brothers in Arms  |       |       |       |     1 ||     1
Evoke: Wand              |       |       |       |     6 ||     6
  Use: Scroll            |       |       |       |    13 ||    13
Armor: Scale mail        |    80 |   153 |   251 |       ||   484
       Plate armour      |       |       |    13 |   297 ||   310
       Skin              |       |       |       |     3 ||     3
Dodge: Dodged            |    55 |    82 |   143 |   147 ||   427
Block: Kite shield       |    33 |   112 |   200 |   241 ||   586
